 Dungeon Crawl Stone Soup version 0.31-a0-728-g01b46875f1 (webtiles) character file.

Game seed: 12828157392345110223

533 Demosthentine the Ducker (level 7, 54/54 HPs)
             Began as a Demonspawn Gladiator on Sept 11, 2023.
             Got out of the dungeon alive.
             The game lasted 00:04:48 (3540 turns).

Demosthentine the Ducker (Demonspawn Gladiator)     Turns: 3540, Time: 00:04:49

Health: 54/54      AC:  5    Str: 16    XL:     7   Next: 4%
Magic:  7/7        EV: 13    Int: 10    God:
Gold:   68         SH:  0    Dex: 14    Spells: 6/6 levels left

rFire   . . .        a - +1 trident
rCold   . . .        (no shield)
rNeg    . . .        b - +0 leather armour
rPois   .            c - +0 helmet
rElec   .            p - +0 cloak
rCorr   .            (no gloves)
SInv    .            (no boots)
Will    .....        (no amulet)
Stlth   +            (no ring)
HPRegen 0.29/turn    (no ring)
MPRegen 0.20/turn

%: no passive effects
@: no status effects
A: claws 1, demonic guardian 1, magic regeneration
a: no special abilities


You escaped.
You visited 1 branch of the dungeon, and saw 3 of its levels.

You collected 68 gold pieces.

Inventory:

Hand Weapons
 a - a +1 trident (weapon)
Missiles
 d - 3 throwing nets (quivered)
 e - a javelin
Armour
 b - a +0 leather armour (worn)
 c - a +0 helmet (worn)
 p - a +0 cloak (worn)
Jewellery
 k - a +6 ring of strength
 n - a ring of protection from cold
Scrolls
 f - 2 scrolls of identify
 j - a scroll of enchant armour {unknown}
 o - a scroll of blinking {unknown}
Potions
 g - a potion of resistance
 h - a potion of enlightenment
 i - a potion of heal wounds {unknown}
 l - a potion of brilliance {unknown}
 m - a potion of attraction
 q - a potion of invisibility {unknown}


   Skills:
 + Level 4.1 Fighting
 + Level 4.2 Polearms
 - Level 1.7 Throwing
 + Level 3.1 Armour
 + Level 4.3 Dodging


You had 6 spell levels left.
You didn't know any spells.
Your spell library contained the following spells:

 Spells                   Type           Power      Damage    Failure   Level
 Gell's Gravitas          Tloc           0%         N/A       80%         3
 Teleport Other           Tloc           0%         N/A       80%         3
 Tukima's Dance           Hex            0%         N/A       80%         3
 Passage of Golubria      Tloc           0%         N/A       99%         4
 Yara's Violent Unravell  Hex/Tmut       0%         3d3       100%        5
 Dispersal                Tloc           0%         N/A       100%        6


Dungeon Overview and Level Annotations

Branches:
Dungeon (3/15)

Altars:


Innate Abilities, Weirdness & Mutations

You have sharp fingernails.
A weak demonic guardian rushes to your aid.
You regenerate magic rapidly.


Message History

Natasha is heavily wounded.
Natasha barely misses you. Natasha closely misses you.
You puncture Natasha!
You kill Natasha!
You feel Natasha's spirit has finally been put to rest.
Your iron imp disappears in a puff of smoke!
You have reached level 7!
Your demonic ancestry asserts itself...
Your fingernails lengthen.
Your white imp disappears in a puff of smoke!
You now have 68 gold pieces (gained 10).
j - a scroll labelled WOHABICVENAKK
There is a stone staircase leading down here.
Key pressed, stopping explore.
There is a stone staircase leading up here.
A kobold comes into view. It is wielding a +0 short sword.
The kobold shouts!
A kobold is nearby!
You reach to attack!
You barely miss the kobold. You barely miss the kobold.
The kobold barely misses you. x2
You hit the kobold.
You kill the kobold!
No target in view!
No target in view!
No target in view!
Done exploring.
Done exploring.
Done exploring.
Done exploring.
What level of the Dungeon? (default 3, ? - help)
There is a stone staircase leading up here.
You climb upwards.
There is a stone staircase leading down here.
You see here a +0 club.
There is a stone staircase leading up here.
You climb upwards.
There is a stone staircase leading down here.
There is an open door here.
There is a staircase leading out of the dungeon here.
You have escaped!

.# #.#.####..... .#
###########.#.# #..... ##
#...........#.# ###...
#..........##.# #...
#....).....##.# ####
#....###...##.#
#...##.##..##.#
####...#...#..##.########
#......+.@.'..##.......)##
##
#......#...#..##..###.#.##
.#
#......##.##.........#..##
.#
##......###...#...###.#.##
.#####
#.#...............##...[.
.....#
#.#..............#####.##
.###.#
#.#...........#..#####.##
.# #.#
#.#..##########........##
.###.# #.#..# #.#########


There were no monsters in sight!

Vanquished Creatures
  2 orc priests
  An orc wizard (D:3)
  Natasha (twice) (D:3)
  Robin (D:3)
  5 gnolls
  2 adders (D:3)
  A dart slug (D:2)
  8 orcs
  3 ball pythons
  3 bats
  4 endoplasms
  8 giant cockroaches
  9 goblins
  3 hobgoblins
  6 jackals (D:3)
  2 quokkas (D:3)
  6 frilled lizards
  5 kobolds
  5 rats
76 creatures vanquished.

Vanquished Creatures (collateral kills)
  Grinder (D:3)
  Natasha (D:3)
  2 gnolls
  2 orcs (D:3)
  A goblin (D:3)
7 creatures vanquished.

Grand Total: 83 creatures vanquished

Notes
Turn   | Place    | Note
-------+----------+-------------------------------------------
     0 | D:1      | Demosthentine the Demonspawn Gladiator began the quest for
                  | the Orb.
     0 | D:1      | Reached XP level 1. HP: 16/16 MP: 1/1
   545 | D:1      | Gained mutation: A weak demonic guardian rushes to your
                  | aid. [demonic ancestry]
   545 | D:1      | Reached XP level 2. HP: 12/22 MP: 2/2
  1040 | D:2      | Identified the +0 ring mail of the Peculiar Souls {rPois}
  1072 | D:2      | Reached skill level 1 in Armour
  1072 | D:2      | Reached XP level 3. HP: 8/28 MP: 3/3
  1563 | D:3      | Noticed Robin
  1573 | D:3      | Reached XP level 4. HP: 31/34 MP: 4/4
  1589 | D:3      | Killed Robin
  2131 | D:2      | Reached XP level 5. HP: 18/41 MP: 5/5
  2457 | D:3      | Noticed Natasha
  2468 | D:3      | Killed Natasha
  2558 | D:3      | Gained mutation: You regenerate magic rapidly. [demonic
                  | ancestry]
  2558 | D:3      | Reached XP level 6. HP: 22/47 MP: 6/6
  2880 | D:3      | Noticed Natasha
  2889 | D:3      | Killed Natasha
  3070 | D:3      | Noticed Grinder
  3089 | D:3      | Killed Grinder
  3095 | D:3      | Noticed Natasha
  3104 | D:3      | Killed Natasha
  3105 | D:3      | Gained mutation: You have sharp fingernails. [demonic
                  | ancestry]
  3105 | D:3      | Reached XP level 7. HP: 23/54 MP: 7/7
  3540 | D:$      | Got out of the dungeon alive.

Illustrated notes

Levels and vault maps discovered:
D:1:      dpeg_arrival_shelter, layout_loops_corners
D:2:      layout_loops_cross, wad_orctagon
D:3:      layout_basic, uniq_grinder, uniq_natasha, uniq_robin

Skill      XL: |  1  2  3  4  5  6 |
---------------+-------------------+-----
Polearms       | 3 4 |  4.2
Armour         | 1 2 3 |  3.1
Dodging        | 3 4 |  4.3
Fighting       | 3 4 |  4.1
Throwing       | |  1.7

Action                     |  1- 3 |  4- 6 |  7- 9 || total
---------------------------+-------+-------+-------++-------
  Melee: Trident           |   122 |   192 |     3 ||   317
         Punch             |       |     1 |       ||     1
  Throw: Throwing net      |     1 |       |       ||     1
    Use: Scroll            |     8 |       |       ||     8
         Potion            |       |     1 |       ||     1
   Stab: Sleeping          |     1 |     1 |       ||     2
         Distracted        |       |     2 |       ||     2
 Armour: Leather armour    |    59 |    84 |       ||   143
  Dodge: Dodged            |    78 |    81 |     2 ||   161

Table legend: (Time is in decaauts)
 A = Elapsed time spent in this place.
 B = Non-inter-level travel time spent in this place.
 C = Inter-level travel time spent in this place.
 D = Time resting spent in this place.
 E = Time spent auto-exploring this place.
 F = Levels seen in this place.
 G = Mean time per level.
                   A        B        C        D        E       F      G
               +--------+--------+--------+--------+--------+-----+--------+
         Total |   3587 |   3552 |     35 |     86 |   2764 |   3 | 1195.7 |
       Dungeon |   3587 |   3552 |     35 |     86 |   2764 |   3 | 1195.7 |
               +--------+--------+--------+--------+--------+-----+--------+

Top non-repeatable levels by time:
     D:3: 1685 daAuts
     D:2: 1004 daAuts
     D:1: 896 daAuts
